 Dungeon Crawl Stone Soup version 0.18-a0-162-gde95368 (webtiles) character file.

57 DarthRa the Shield-Bearer (level 4, -1/35 HPs)
             Began as a Formicid Fighter on Nov 23, 2015.
             Slain by benitares's ghost (14 damage)
             ... on level 3 of the Dungeon.
             The game lasted 00:09:02 (1546 turns).

DarthRa the Shield-Bearer (Formicid Fighter)        Turns: 1546, Time: 00:09:02

Health: -1/35      AC:  8    Str: 21    XL:     4   Next: 18%
Magic:  4/4        EV:  8    Int:  7    God:
Gold:   90         SH: 10    Dex: 11    Spells: 0 memorised, 3 levels left

rFire  + . .     SeeInvis +     a - +0 war axe
rCold  . . .     Clarity  .     b - +0 scale mail
rNeg   . . .     SustAt   .     c - +0 shield
rPois  .         Gourm    .     (helmet unavailable)
rElec  .         Spirit   .     (no cloak)
rCorr  .         Warding  .     s - +0 pair of gloves
rMut   .         Stasis   +     (no boots)
MR     .....                    (no amulet)
Stlth  ..........               (no ring)
                                m - ring of protection from fire

@: not resistant to hostile enchantments, extremely unstealthy
A: permanent stasis, dig shafts and tunnels, four strong arms, antennae 3
a: Dig, Shaft Self


You were on level 3 of the Dungeon.
You were not hungry.

You visited 1 branch of the dungeon, and saw 3 of its levels.

You collected 90 gold pieces.

Inventory:

Hand Weapons
 a - a +0 war axe (weapon)
Missiles
 f - 25 poisoned needles
 k - 11 stones (quivered)
 o - 17 bolts of frost
Armour
 b - a +0 scale mail (worn)
 c - a +0 shield (worn)
 s - a +0 pair of gloves (worn)
Jewellery
 m - a ring of protection from fire (left hand)
 n - a cursed amulet of inaccuracy {unknown}
Scrolls
 h - 4 scrolls of identify {unknown}
 l - 4 scrolls of random uselessness {unknown}
 p - a scroll of blinking {unknown}
Potions
 d - a potion of might
 j - 2 potions of heal wounds {unknown}
 q - a potion of curing {unknown}
Comestibles
 e - 2 bread rations
 i - a meat ration
 r - 2 chunks of flesh


   Skills:
 - Level 3.2 Fighting
 - Level 2.0 Axes
 + Level 4.2 Armour
 + Level 4.9 Shields


You had 3 spell levels left.
You didn't know any spells.

Dungeon Overview and Level Annotations

Branches:
Dungeon (3/15)

Altars:

Annotations:
D:3 benitares's ghost, amateur VSFi


Innate Abilities, Weirdness & Mutations

You are under a permanent stasis effect.
You can dig through walls and to a lower floor.
Your four strong arms can wield two-handed weapons with a shield.
You have a pair of large antennae on your head (SInv).


Message History

Benitares's ghost hits you but does no damage.
You hit benitares's ghost but do no damage.
Benitares's ghost is moderately damaged.
You hit the rat but do no damage. The rat misses you.
Benitares's ghost hits you.
You barely miss benitares's ghost.
Benitares's ghost is moderately damaged.
You completely miss the rat. The rat bites you but does no damage.
You block benitares's ghost's attack. You block the rat's attack.
Benitares's ghost hits you.
You slash benitares's ghost!
Benitares's ghost is severely damaged.
You closely miss the rat. The rat closely misses you.
Benitares's ghost closely misses you.
You hit benitares's ghost but do no damage.
Benitares's ghost is severely damaged.
You hit the rat but do no damage. The rat bites you but does no damage.
Benitares's ghost hits you! You block the rat's attack.
Benitares's ghost hits you!
You die...

#.....(.
.......
###.....##
.........#
#.....()#
##.......
........##
#...@.###
####Wr..#
#(.#...#
.(## ....
##(# #..
#(# . ...
... ...


You could see benitares's ghost and a rat.

Vanquished Creatures
  2 adders (D:2)
  An ooze (D:2)
  2 worms
  4 goblins
  2 hobgoblins
  4 jackals (D:1)
  A quokka (D:2)
  7 bats
  3 giant newts
  5 kobolds
  4 rats
35 creatures vanquished.

Notes
Turn   | Place    | Note
--------------------------------------------------------------
     0 | D:1      | DarthRa the Formicid Fighter began the quest for the Orb.
     0 | D:1      | Reached XP level 1. HP: 18/18 MP: 1/1
    64 | D:1      | Reached XP level 2. HP: 14/24 MP: 2/2
   205 | D:1      | Reached skill level 4 in Shields
   644 | D:2      | Reached XP level 3. HP: 16/29 MP: 3/3
  1346 | D:2      | Reached XP level 4. HP: 35/35 MP: 4/4
  1533 | D:3      | Noticed benitares's ghost (amateur VSFi)
  1546 | D:3      | Slain by benitares's ghost

Vault maps used:
D:1:      tarquinn_simple_flora_water_a, st_stairs_9

Action                   |  1- 3 |  4- 6 || total
-------------------------+-------+-------++-------
Melee: War axe           |   101 |    21 ||   122
Throw: Stone             |    47 |     8 ||    55
  Eat: Chunk             |     2 |       ||     2
